 Dungeon Crawl Stone Soup version 0.18-a0-1300-g6e8322c (webtiles) character file.

795 Duffy the Insei (level 7, 0/43 HPs)
             Began as an Octopode Transmuter on Feb 11, 2016.
             Was an Initiate of Gozag.
             Killed by divine providence
             ... invoked by an orc priest
              (10 damage)
             ... on level 5 of the Dungeon.
             The game lasted 00:08:44 (5203 turns).

Duffy the Insei (Octopode Transmuter)               Turns: 5203, Time: 00:08:44

Health: 0/43       AC:  2    Str: 10    XL:     7   Next: 89%
Magic:  5/11       EV: 20    Int: 15    God:    Gozag
Gold:   165        SH:  0    Dex: 19    Spells: 3 memorised, 3 levels left

rFire  . . .     SeeInvis .       - Unarmed
rCold  . . .     Gourm    .     (shield currently unavailable)
rNeg   . . .     Faith    .     (helmet currently unavailable)
rPois  x         Spirit   .     k - amulet of dismissal
rElec  .         Dismiss  +     m - ring of resist corrosion
rCorr  +         Reflect  .     (no ring)
SustAt .         Harm     .     (no ring)
MR     .....                    (no ring)
Stlth  ++........               (no ring)
                                (no ring)
                                (no ring)
                                (no ring)

@: spider-form, very slightly contaminated, not resistant to hostile
enchantments, unstealthy
A: almost no armour, amphibious, 8 rings, (constrict 8), (camouflage 0),
(gelatinous body 0)
a: End Transformation, Potion Petition, Call Merchant, Bribe Branch, Renounce
Religion


You were on level 5 of the Dungeon.
You worshipped Gozag.
Gozag was noncommittal.
You were not hungry.
You were a venomous arachnid creature.
You visited 2 branches of the dungeon, and saw 6 of its levels.

You collected 220 gold pieces.
You paid 55 gold pieces to Gozag.


Innate Abilities, Weirdness & Mutations

You cannot wear most types of armour.
You are amphibious.
You can wear up to eight rings at the same time.
((You can use your tentacles to constrict eight enemies at once.))
((Your skin changes colour to match your surroundings (Stealth).))
((Your rubbery body absorbs attacks (AC +1).))


   Skills:
 - Level 1.0 Fighting
 - Level 2.0 Dodging
 + Level 6.4 Unarmed Combat
 - Level 3.2 Spellcasting
 - Level 4.1 Transmutations
 + Level 3.9 Ice Magic


You had 3 spell levels left.
You knew the following spells:

 Your Spells              Type           Power        Failure   Level  Hunger
a - Ice Form              Ice/Trmt       ##......     63%         4    #####..
b - Sticks to Snakes      Trmt           ##......     21%         2    ##.....
l - Spider Form           Trmt/Pois      #.........   52%         3    ###....

Inventory:

Hand Weapons
 g - a +0 blowgun
Missiles
 a - 12 arrows
 h - 2 throwing nets (quivered)
 o - 16 poisoned needles
Jewellery
 k - an amulet of dismissal (around neck)
 m - a ring of resist corrosion (left front leg)
 t - an uncursed ring of fire
Scrolls
 d - 2 scrolls of amnesia
 e - 2 scrolls of enchant weapon
 j - 2 scrolls of enchant armour
 l - 6 scrolls of remove curse
 n - 2 scrolls of magic mapping
Potions
 i - a potion of curing
 p - a potion of might {unknown}
 s - a potion of haste
 w - a potion of degeneration {unknown}
Books
 b - a book of Changes
Comestibles
 c - 3 bread rations
 f - 6 meat rations
 q - 6 fruits
 r - a beef jerky
 u - a royal jelly

Dungeon Overview and Level Annotations

Branches:
Dungeon (5/15)             Temple (1/1) D:4

Altars:
Ashenzari
Cheibriados
Dithmenos
Elyvilon
Fedhas
Gozag
Kikubaaqudgha
Makhleb
Nemelex Xobeh
Okawaru
Pakellas
Qazlal
Ru
Sif Muna
Trog
Vehumet
Xom
Yredelemnul
Zin
The Shining One

Annotations:
D:2 exclusion: oklob plant


Message History

Your transformation has ended.
You hear the hiss of a very distant avalanche of sand.
p - a fuming orange potion You open the door.
A giant gecko comes into view.
A giant gecko is nearby!
A giant gecko is nearby!
There is an open door here.
The giant gecko barely misses you. The giant gecko bites you.
Your amulet of dismissal vibrates suddenly!
The giant gecko disappears!
HP restored.
You open the door.
An orc and an orc priest come into view.
An orc and an orc priest come into view.
The orc priest shouts!
The orc shouts!
The orc priest shouts!
The orc shouts!
The orc priest mumbles some strange prayers to Beogh against you.
Something smites you!
There is an open door here.
The orc priest mumbles some strange prayers to Beogh against you.
Something smites you!
The orc priest invokes the aid of Beogh against you.
You struggle to resist.
Cast which spell? (? or * to list)
You miscast Spider Form.
You are very lightly contaminated with residual magic.
Wisps of poison gas drift from your tentacles.
Cast which spell? (? or * to list)
You turn into a venomous arachnid creature.
The orc priest invokes the aid of Beogh against you.
Something smites you!
The orc priest calls down the wrath of Beogh upon you.
Something smites you!
You die...
Your body crumbles into a pile of gold.

#.# ########## #.#
##......... #.#
#........#
##########.#
#.....o..#
...........#
#..oo..o.#
############ #o#
#.# #o# #s# #.#
#.# #.# ##### #.#
....############.#
....'............#
....##############
....#


You could see 2 orc priests and 2 orcs.

Action                   |  1- 3 |  4- 6 |  7- 9 || total
-------------------------+-------+-------+-------++-------
Melee: Unarmed           |    60 |   158 |    46 ||   264
 Cast: Spider Form       |     1 |     9 |     7 ||    17
  Use: Scroll            |       |     9 |     1 ||    10
 Stab: Sleeping          |     6 |    12 |       ||    18
       Distracted        |     1 |     1 |       ||     2
  Eat: Chunk             |       |    10 |     4 ||    14
       Pizza             |       |       |     2 ||     2

Notes
Turn   | Place    | Note
--------------------------------------------------------------
     0 | D:1      | Duffy the Octopode Transmuter began the quest for the Orb.
     0 | D:1      | Reached XP level 1. HP: 13/13 MP: 3/3
   100 | D:1      | Reached XP level 2. HP: 16/18 MP: 5/5
   104 | D:1      | Learned a level 2 spell: Sticks to Snakes
   348 | D:1      | Reached XP level 3. HP: 23/23 MP: 6/6
   353 | D:1      | Learned a level 3 spell: Spider Form
   726 | D:2      | Noticed Terence
   900 | D:1      | Reached skill level 4 in Unarmed Combat
   917 | D:2      | Killed Terence
   917 | D:2      | Reached XP level 4. HP: 28/28 MP: 3/7
  1180 | D:2      | Found a blossoming altar of Fedhas.
  1193 | D:2      | Noticed an oklob plant
  1545 | D:2      | Noticed Jessica
  1599 | D:2      | Killed Jessica
  1599 | D:2      | Reached skill level 3 in Transmutations
  1599 | D:2      | Reached XP level 5. HP: 33/33 MP: 4/8
  2210 | D:3      | Found a stormy altar of Qazlal.
  2438 | D:3      | Learned a level 4 spell: Ice Form
  2650 | D:3      | Reached skill level 5 in Unarmed Combat
  2650 | D:3      | Reached skill level 3 in Spellcasting
  2660 | D:3      | Reached XP level 6. HP: 38/38 MP: 7/10
  3294 | D:4      | Noticed a phantom
  3579 | D:4      | Noticed a phantom
  3806 | D:3      | Killed a phantom
  3806 | D:3      | Reached skill level 1 in Ice Magic
  3965 | D:4      | Killed a phantom
  3965 | D:4      | Reached skill level 6 in Unarmed Combat
  3965 | D:4      | Reached XP level 7. HP: 43/43 MP: 9/11
  4038 | D:4      | Reached skill level 4 in Transmutations
  4038 | D:4      | Reached skill level 2 in Ice Magic
  4405 | D:4      | Noticed Crazy Yiuf
  4413 | D:4      | Killed Crazy Yiuf
  4513 | D:4      | Found a staircase to the Ecumenical Temple.
  4519 | Temple   | Entered the Ecumenical Temple
  4666 | Temple   | Became a worshipper of Gozag Ym Sagoz the Greedy
  4862 | D:5      | Entered Level 5 of the Dungeon
  4872 | D:5      | Noticed Edmund
  4892 | D:5      | Killed Edmund
  4892 | D:5      | Reached skill level 3 in Ice Magic
  5145 | D:5      | Found a basalt altar of Yredelemnul.
  5203 | D:5      | Killed from afar by an orc priest

Vault maps used:
D:1:      dpeg_arrival_tiny_h
D:2:      tgw_fedhas, uniq_terence, uniq_jessica
D:3:      nicolae_qazlal_general_emergency
D:4:      minmay_temple_entry_enclosed_plants, guppyfry_early_lair_pool,
          uniq_crazy_yiuf_cottage
D:5:      lemuel_round_altar, serial_shops, kennysheep_mini_moat, first_bread,
          nicolae_ossuary_entry_ruins, uniq_edmund, uniq_grinder, uniq_pikel,
          uniq_eustachio
Temple:   kilobyte_greek_temple_18

Vanquished Creatures
  Edmund
  An ogre
  2 phantoms
  2 scorpions
  An orc priest Crazy Yiuf
  2 orc wizards Jessica Terence
  7 adders
  3 oozes
  3 worms
  3 giant geckos
  6 orcs
  2 ball pythons
  A giant cockroach
  12 goblins
  8 hobgoblins
  4 jackals
  9 bats
  A giant gecko skeleton
  6 giant newts
  4 kobolds
  5 rats
  15 toadstools
101 creatures vanquished.
